 Dungeon Crawl Stone Soup version 0.22.1-1-ga44c0e5 (webtiles) character file.

194667 Grunt the Warrior (level 18, -25/121 HPs)
             Began as an Octopode Fighter on Oct 31, 2018.
             Was the Champion of Hepliaklqana.
             Annihilated by an orc warlord
             ... wielding a +1 dire flail of holy wrath
              (48 damage)
             ... on level 1 of the Vaults on Nov 5, 2018.
             The game lasted 04:59:27 (47864 turns).

Grunt the Warrior (Octopode Fighter)               Turns: 47864, Time: 04:59:29

Health: -25/121    AC: 12    Str: 15 (17) XL:     18   Next: 31%
Magic:  6/39       EV: 19    Int: 16      God:    Hepliaklqana [******]
Gold:   1190       SH: 13    Dex: 16      Spells: 7/33 levels left

rFire    . . .     SeeInvis .   a - +4 trident (venom)
rCold    + . .     Gourm    .   h - +0 buckler {AC+3}
rNeg     + . .     Faith    .   X - +2 hat
rPois    +         Spirit   .   D - +5 amulet of reflection
rElec    .         Reflect  +   l - ring of magical power
rCorr    +         Harm     .   N - ring of poison resistance
MR       ++...                  K - ring of Grace {rN+ MR+ Int+4 Stlth+}
Stlth    +++++.....             I - +6 ring of protection
HPRegen  1.30/turn              i - ring of resist corrosion
MPRegen  0.26/turn              U - ring of stealth
                                S - ring of wizardry
                                E - ring of protection from cold

@: regenerating, hasted, very quick
A: almost no armour, stealthy swim, amphibious, 8 rings, constrict 8, reduced
essence, camouflage 1, gelatinous body 1
}: 1/15 runes: gossamer
a: Recall Ancestor, Ancestor Identity, Transference, Idealise, Renounce Religion


You were on level 1 of the Vaults.
You worshipped Hepliaklqana.
Hepliaklqana was exalted by your worship.
You were not hungry.

You visited 6 branches of the dungeon, and saw 30 of its levels.
You also visited: Labyrinth and Ice Cave.

You collected 3112 gold pieces.
You spent 1922 gold pieces at shops.

Inventory:

Hand Weapons
 a - a +4 trident of venom (weapon)
 b - a +2 trident of freezing
Missiles
 e - 5 throwing nets
 R - 14 silver javelins (quivered)
Armour
 h - a +0 buckler of protection (worn)
 Q - a +1 shield
 X - a +2 hat (worn)
Jewellery
 i - a ring of resist corrosion (on tentacle)
 l - a ring of magical power (left tentacle)
 n - an uncursed ring of protection from cold
 v - an uncursed ring of positive energy
 A - an uncursed ring of fire
 D - a +5 amulet of reflection (around mantle)
 E - a ring of protection from cold (on tentacle)
 I - a +6 ring of protection (on tentacle)
 K - the ring of Grace (on tentacle) {rN+ MR+ Int+4 Stlth+}
   (You bought it in a shop on level 10 of the Dungeon)

   [ring of protection from magic]

   It affects your intelligence (+4).
   It protects you from negative energy.
   It affects your resistance to hostile enchantments.
   It makes you more stealthy.
 N - a ring of poison resistance (right tentacle)
 S - a ring of wizardry (on tentacle)
 T - an uncursed ring of flight
 U - a ring of stealth (on tentacle)
 W - an uncursed ring of fire
Wands
 p - a wand of disintegration (23)
 r - a wand of clouds (4)
 t - a wand of flame (20)
 H - a wand of enslavement (10)
 J - a wand of digging (41)
 O - a wand of scattershot (7)
 V - a wand of iceblast (27)
 Y - a wand of paralysis (32)
Scrolls
 f - 9 scrolls of fear
 g - 12 scrolls of remove curse
 j - 2 scrolls of holy word
 u - 13 scrolls of fog
 y - 3 scrolls of magic mapping
 B - 2 scrolls of blinking
 C - 4 scrolls of identify
 F - a scroll of enchant weapon
 L - 4 scrolls of teleportation
Potions
 c - 3 potions of might
 k - a potion of agility
 m - 2 potions of ambrosia
 o - 2 potions of brilliance
 s - 3 potions of magic
 x - 5 potions of resistance
 z - a potion of curing
 G - a potion of berserk rage
 M - a potion of haste
Miscellaneous
 P - 2 sacks of spiders
Comestibles
 d - 28 rations


   Skills:
 + Level 16.1 Fighting
 * Level 14.9 Polearms
 * Level 8.9 Dodging
 - Level 1.5 Stealth
 - Level 14.1 Shields
 - Level 8.0 Spellcasting
 - Level 4.1 Charms
 - Level 9.2 Summonings
 - Level 6.0 Necromancy
 - Level 6.0 Translocations
 + Level 0.4 Transmutations
 + Level 6.0 Air Magic
 - Level 2.0 Earth Magic
 - Level 6.0 Invocations
 - Level 2.0 Evocations


You had 7 spell levels left.
You knew the following spells:

 Your Spells              Type           Power        Failure   Level  Hunger
a - Summon Small Mammal   Summ           ####         1%          1    None
b - Summon Butterflies    Summ           #####...     1%          1    None
c - Regeneration          Chrm/Necr      ###.......   1%          3    ##.....
d - Animate Skeleton      Necr           N/A          1%          1    None
e - Passwall              Tmut/Erth      ##......     4%          2    None
f - Animate Dead          Necr           N/A          4%          4    ####...
g - Vampiric Draining     Necr           ####......   1%          3    ##.....
h - Summon Lightning Spi  Summ/Air       ####....     1%          4    ####...
i - Apportation           Tloc           ####..       1%          1    None
j - Passage of Golubria   Tloc           N/A          4%          4    ####...
k - Swiftness             Chrm/Air       ###.....     1%          2    None

Your spell library contained the following spells:

 Spells                   Type           Power        Failure   Level  Hunger
 Pain                     Necr           ####         1%          1    None
 Sandblast                Erth           ##....       1%          1    None
 Lesser Beckoning         Tloc           ####......   1%          3    ##.....
 Confusing Touch          Hex            #.....       4%          1    None
 Freeze                   Ice            #...         4%          1    None
 Ozocubu's Armour         Chrm/Ice       ##......     6%          3    ##.....
 Slow                     Hex            #.......     7%          2    None
 Throw Frost              Conj/Ice       #.....       7%          2    None
 Summon Ice Beast         Ice/Summ       ###.....     7%          4    ####...
 Stone Arrow              Conj/Erth      #.....       9%          3    ##.....
 Tukima's Dance           Hex            #.......     13%         3    ##.....
 Petrify                  Tmut/Erth      ##......     26%         4    ####...
 Throw Icicle             Conj/Ice       #.......     38%         4    ####...
 Lee's Rapid Deconstruct  Erth           ##........   45%         5    #####..
 Alistair's Intoxication  Tmut/Pois      #.......     71%         5    #####..
 Darkness                 Hex            #.........   99%         6    #######
 Invisibility             Hex            #.......     99%         6    #######


Dungeon Overview and Level Annotations

Branches:
Dungeon (15/15)            Temple (0/1) D:4            Lair (6/6) D:8
 Shoals (0/4) Lair:2       Spider (4/4) Lair:3        Slime (0/5) Lair:6
    Orc (2/2) D:9             Elf (0/3) Orc:2        Vaults (1/5) D:14
 Depths (2/5) D:15

Altars:
Ashenzari
Dithmenos
Elyvilon
Hepliaklqana
Kikubaaqudgha
Qazlal
Ru
Trog
Xom
Yredelemnul
Beogh
Jiyva

Shops:
D:5 *   D:8 (   D:10 =   Orc:2 ?[(*   Depths:1 *?

Portals:
Hell: Depths:1
Trove: Vaults:1 (give 6 scrolls of blinking)

Annotations:
D:1 exclusion: 2 downstairs
D:4 exclusion: downstairs
D:8 exclusion: downstairs
D:9 exclusion: oklob plant
D:11 exclusion: 2 downstairs
D:12 exclusion: downstairs
D:13 3 runed doors, exclusion: downstairs, gbos's ghost, journeyman GrEE
Spider:3 Arachne
Depths:1 exclusions: downstairs and hexer


Innate Abilities, Weirdness & Mutations

You cannot wear most types of armour.
You are very stealthy in the water. (Stealth+)
You are amphibious.
You can wear up to eight rings at the same time.
You can use your tentacles to constrict eight enemies at once.
Your skin changes colour to match your surroundings (Stealth+).
Your rubbery body absorbs attacks. (AC +1, EV +1)
Your life essence is reduced to manifest your ancestor. (-10% HP)


Message History

The orc priest is engulfed in noxious fumes.
The orc priest appears confused.
The orc warrior is engulfed in noxious fumes.
The orc warrior appears confused.
Okay, then.
Okay, then.
You feel yourself speed up.
You constrict the orc warlord.
The orc warrior hits the orc priest with a scimitar!
The orc warrior is engulfed in noxious fumes.
The orc warrior appears confused.
The orc knight is engulfed in noxious fumes.
The orc knight appears confused.
The orc knight is engulfed in noxious fumes.
The orc knight appears confused.
The orc knight hits the orc warrior with a great sword!!
The orc warrior is killed!
The orc warlord is engulfed in poison gas.
The orc warlord looks even sicker.
The orc warlord hits you with a dire flail of holy wrath!!!
You die...

..# #...# ..#
#...# ..# #...#
..# #...# ..#
#...# ..# #b..#
..# #...#
..####
###'#######...#
......
....§o8@).)...#
.......
...§§§o§()....#
......#
#####o#§).....#
......#
o§o#§§...(.#
......# ..§§
#§§.....#
......#


..ooo #.......# ...... .... #.......# ...... .... #.......# ..... #.......# You
could see an orc warlord, 2 orc knights, 2 orc warriors, 2 orc priests, an orc
and a friendly lightning spire.

Vanquished Creatures
  Saint Roka (Orc:2)
  A lich (Depths:1)
  Kirke (D:14)
  A frost giant (IceCv)
  2 ghost moths (Spider:4)
  3 emperor scorpions (Spider:4)
  2 entropy weavers
  Snorg (Lair:6)
  A yaktaur captain (Depths:1)
  2 great orbs of eyes
  4 hydras
  Harold (D:9)
  2 catoblepae
  2 centaur warriors
  2 ice dragons (D:15)
  A dancing weapon (D:14)
  An ogre mage (D:15)
  2 two-headed ogres
  14 death yaks
  2 death scarabs (Spider:4)
  2 orc high priests (Orc:2)
  3 tengu warriors
  2 sun demons (Depths:1)
  An unseen horror (shapeshifter) (D:15)
  A flayed ghost (Vaults:1)
  2 unseen horrors
  A deep troll (Depths:1)
  2 spectral wolf spiders (Spider:4)
  A wolf spider zombie (Spider:4)
  A lindwurm (Lair:5)
  A deep elf mage (D:12)
  3 harpies (Vaults:1)
  23 wolf spiders
  6 orc knights
  4 manticores
  2 cyclopes
  25 ugly things
  11 orb spiders
  An orc sorcerer (Orc:2)
  3 centaur zombies
  2 moths of wrath
  An ice statue (IceCv)
  4 centaur skeletons
  6 spiny frogs
  2 gargoyles (D:13)
  2 black mambas
  A kobold demonologist (D:13)
  2 rime drakes
  A spiny frog (shapeshifter) (Vaults:1)
  10 yaktaurs
  A spectral redback (Spider:4)
  5 komodo dragons
  3 tengu conjurers
  A redback zombie (Spider:4)
  A freezing wraith (Vaults:1)
  4 demonic crawlers
  15 polar bears
  6 meliai
  A queen bee (Lair:5)
  25 jumping spiders
  6 trolls
  A spectral tarantella (Spider:4)
  A queen bee (shapeshifter) (Depths:1)
  A spectral jumping spider (Spider:4)
  10 slime creatures
  6 blink frogs
  Grinder (D:6)
  A blink frog (shapeshifter) (Depths:1)
  5 hornets
  3 dream sheep (Lair:6)
  Prince Ribbit (D:5)
  A stone giant simulacrum (Vaults:1)
  A jumping spider zombie (Spider:4)
  11 hippogriffs
  A centaur simulacrum (D:14)
  2 shadows (Lab)
  37 redbacks
  A spriggan (D:8)
  3 wraiths
  5 basilisks
  5 wyverns
  12 tarantellas
  46 yaks
  3 hogs (D:14)
  8 vampire mosquitoes
  3 hungry ghosts (D:12)
  3 wargs
  7 water moccasins
  A soldier ant (D:12)
  Duvessa (D:6)
  An acid dragon (D:12)
  4 porcupines
  2 phantoms
  24 orc warriors
  2 eyes of draining
  9 ice beasts
  A hornet zombie (Spider:4)
  7 ogres
  6 black bears
  A necrophage (D:4)
  4 boggarts (Lair:4)
  14 wolves
  6 centaurs
  9 crocodiles
  A big kobold (D:12)
  Blork the orc (D:6)
  14 bullfrogs
  Dowan (D:6)
  A wyvern skeleton (D:6)
  A hexer (Lair:1)
  A scorpion (D:9)
  16 killer bees
  4 electric eels
  4 crimson imps
  2 bullfrog zombies
  5 hounds
  4 jellies
  19 orc priests
  26 orc wizards
  2 bullfrog skeletons
  2 iguanas
  9 worker ants
  2 ogre skeletons (Lab)
  4 hound skeletons
  A hound zombie (D:7)
  A worker ant zombie (D:8)
  8 adders
  A gnoll (D:1)
  A shadow imp (D:15)
  An adder zombie (D:5)
  An adder skeleton (D:7)
  4 worms
  3 dart slugs
  8 leopard geckos
  79 orcs
  7 bats
  7 giant cockroaches
  7 hobgoblins
  11 jackals
  2 quokkas
  3 ball pythons
  7 frilled lizards
  7 goblins
  13 kobolds
  A leopard gecko skeleton (D:4)
  6 rats (D:1)
809 creatures vanquished.

Vanquished Creatures (collateral kills)
  A lich (Depths:1)
  A fire giant (Depths:1)
  A ghost moth (Spider:4)
  2 emperor scorpions (Spider:4)
  A stone giant (Depths:1)
  A spark wasp (Spider:4)
  A minotaur (Lab)
  An entropy weaver (Spider:4)
  A yaktaur captain (Depths:1)
  An ettin (Depths:1)
  2 rakshasas
  3 hydras
  3 catoblepae (Lair:6)
  Erica (D:9)
  A dancing weapon (D:14)
  A tengu warrior (D:13)
  A centaur warrior (D:15)
  6 death scarabs (Spider:4)
  A two-headed ogre (D:14)
  An orc high priest (Orc:2)
  6 death yaks
  2 spectral wolf spiders (Spider:4)
  A wolf spider zombie (Spider:4)
  2 harpies (Vaults:1)
  11 orb spiders
  10 ugly things
  11 wolf spiders
  A cyclops (D:11)
  Maurice (Orc:1)
  An elephant (Lair:5)
  A centaur zombie (D:12)
  2 vault sentinels (Vaults:1)
  A torpor snail (Spider:1)
  A centaur skeleton (D:12)
  4 spiny frogs
  A redback zombie (Spider:4)
  6 demonic crawlers
  2 komodo dragons
  A komodo dragon (shapeshifter) (Vaults:1)
  3 spectral redbacks (Spider:4)
  2 tengu conjurers
  14 jumping spiders
  3 spectral jumping spiders (Spider:4)
  A troll (D:9)
  3 polar bears
  A meliai (Spider:3)
  3 hornets
  3 slime creatures (D:12)
  5 blink frogs
  3 spectral tarantellas (Spider:4)
  A dream sheep (Lair:6)
  A jumping spider zombie (Spider:4)
  2 hippogriffs
  29 redbacks
  10 tarantellas
  A shadow (D:14)
  9 yaks
  4 wraiths
  2 wyverns
  3 basilisks (Lab)
  A steam dragon (D:10)
  5 vampire mosquitoes
  A warg (Orc:2)
  A soldier ant (D:13)
  An acid dragon (D:10)
  2 porcupines
  A spectral hornet (Spider:4)
  4 ice beasts
  6 orc warriors
  A black bear (D:13)
  A hornet zombie (Spider:4)
  6 ogres
  2 wolves (IceCv)
  5 centaurs
  4 crocodiles
  A big kobold (D:10)
  4 bullfrogs
  A wyvern zombie (D:14)
  8 killer bees
  2 crimson imps
  A bullfrog zombie (D:5)
  2 orc priests
  A hound (D:5)
  2 jellies (D:5)
  2 orc wizards
  2 iguanas
  A worker ant (D:12)
  An adder (D:5)
  A shadow imp (D:14)
  30 orcs
  A quokka (D:4)
  5 kobolds
  A fungus (Lair:5)
  4 plants
310 creatures vanquished.

Vanquished Creatures (others)
  4 yaktaurs
  A wolf (IceCv)
  A centaur (D:15)
  73 hexers
  An orc (Orc:2)
  A fire vortex (Depths:2)
  8 fungi (Lair:6)
  15 plants
104 creatures vanquished.

Grand Total: 1223 creatures vanquished

Notes
Turn   | Place    | Note
-------+----------+-------------------------------------------
     0 | D:1      | Grunt the Octopode Fighter began the quest for the Orb.
     0 | D:1      | Reached XP level 1. HP: 16/16 MP: 1/1
   140 | D:1      | Reached XP level 2. HP: 21/21 MP: 2/2
   277 | D:1      | Reached XP level 3. HP: 21/26 MP: 3/3
   624 | D:1      | Reached skill level 1 in Stealth
   927 | D:2      | Found a sacrificial altar of Ru.
  1219 | D:2      | Reached XP level 4. HP: 31/31 MP: 4/4
  1261 | D:2      | Found a bloodstained altar of Trog.
  1497 | D:2      | Noticed a sky beast
  2198 | D:2      | Reached XP level 5. HP: 21/36 MP: 5/5
  2692 | D:3      | Found a shadowy altar of Dithmenos.
  2705 | D:3      | Found a shattered altar of Ashenzari.
  2705 | D:3      | Found a hazy altar of Hepliaklqana.
  2746 | D:3      | Became a worshipper of Hepliaklqana the Forgotten
  3278 | D:4      | Reached XP level 6. HP: 37/38 MP: 6/6
  3342 | D:4      | Reached skill level 4 in Fighting
  3500 | D:4      | Reached skill level 5 in Polearms
  3733 | D:4      | Found a staircase to the Ecumenical Temple.
  3737 | D:4      | Noticed a necrophage
  3744 | D:4      | Killed a necrophage
  3943 | D:4      | Reached XP level 7. HP: 42/42 MP: 7/7
  4141 | D:4      | Reached * piety under Hepliaklqana
  4190 | D:5      | Entered Level 5 of the Dungeon
  4204 | D:5      | Found Muborac's General Store.
  4619 | D:5      | HP: 2/43 [orc priest/enchanted mace (12)]
  4621 | D:5      | Noticed Prince Ribbit
  4624 | D:5      | HP: 2/44 [orc priest/enchanted mace (13)]
  4633 | D:5      | HP: 1/44 [Prince Ribbit (4)]
  5148 | D:5      | Killed Prince Ribbit
  5148 | D:5      | Reached XP level 8. HP: 48/48 MP: 8/8
  5276 | D:5      | Reached skill level 5 in Fighting
  5542 | D:5      | Found a white marble altar of Elyvilon.
  5679 | D:6      | Noticed Grinder
  5686 | D:6      | Killed Grinder
  6164 | D:6      | Found an ancient bone altar of Kikubaaqudgha.
  6184 | D:6      | Reached ** piety under Hepliaklqana
  6185 | D:6      | Remembered your ancestor Lufti as a hexer
  6425 | D:6      | Noticed Dowan
  6434 | D:6      | Noticed Blork the orc
  6441 | D:6      | Killed Blork the orc
  6441 | D:6      | Reached skill level 5 in Shields
  6522 | D:6      | Noticed Duvessa
  6540 | D:6      | Killed Duvessa
  6550 | D:6      | Killed Dowan
  7199 | D:7      | Noticed a hornet
  7210 | D:7      | Killed a hornet
  7210 | D:7      | Reached skill level 6 in Fighting
  7210 | D:7      | Reached XP level 9. HP: 55/55 MP: 9/9
  7294 | D:7      | Found a stormy altar of Qazlal.
  8259 | D:8      | Reached skill level 10 in Polearms
  8286 | D:8      | Found Nuanoa Yreps's Weapon Emporium.
  8469 | D:8      | Found a staircase to the Lair.
  8548 | D:8      | Reached skill level 7 in Fighting
  8788 | D:8      | Found the +5 scythe "Finisher" {speed, Str+3}
  8907 | D:8      | Reached XP level 10. HP: 50/63 MP: 10/10
  9462 | D:9      | Found a shimmering altar of Xom.
  9569 | D:9      | Reached *** piety under Hepliaklqana
  9763 | D:9      | Noticed Harold
 10014 | D:9      | Found a staircase to the Orcish Mines.
 10160 | D:9      | Reached skill level 8 in Fighting
 10270 | D:9      | Noticed Erica
 10395 | D:9      | Killed Erica
 10642 | D:9      | Found a basalt altar of Yredelemnul.
 10642 | D:9      | Noticed an oklob plant
 10864 | D:9      | Killed Harold
 10864 | D:9      | Reached XP level 11. HP: 36/70 MP: 11/11
 11061 | D:10     | Entered Level 10 of the Dungeon
 11809 | D:10     | Found Teosak's Jewellery Emporium.
 11828 | D:10     | Bought the ring of Grace {rN+ MR+ Int+4 Stlth+} for 616
                  | gold pieces
 12517 | D:10     | Killed an unseen horror
 12517 | D:10     | Reached skill level 9 in Fighting
 12939 | D:11     | Noticed a red ugly thing
 12949 | D:11     | Killed a red ugly thing
 13130 | D:11     | Noticed a red ugly thing
 13147 | D:11     | Killed a red ugly thing
 13205 | D:11     | Found a labyrinth entrance.
 13218 | Lab      | Entered a labyrinth
 13302 | Lab      | Reached **** piety under Hepliaklqana
 14012 | Lab      | Noticed a minotaur
 14023 | Lab      | Killed a minotaur
 14023 | Lab      | Reached skill level 1 in Invocations
 14025 | Lab      | Got a vibrating marble ring
 14032 | Lab      | Identified Sif Muna's Grimoire of Gravity
 14183 | Lab      | Identified the ring of Hazejure {-Tele rC+ Str+4 Stlth-}
                  | (You took it off a minotaur in a labyrinth)
 14191 | Lab      | Learned a level 1 spell: Summon Small Mammal
 14241 | D:11     | Noticed a tengu warrior
 14271 | D:11     | Killed a tengu warrior
 14811 | D:11     | Reached skill level 10 in Fighting
 14811 | D:11     | Reached XP level 12. HP: 69/78 MP: 13/13
 17076 | D:12     | Noticed a great orb of eyes
 17095 | D:12     | Killed a great orb of eyes
 17110 | D:12     | Reached skill level 11 in Fighting
 17120 | D:12     | Reached skill level 5 in Invocations
 17781 | D:12     | Reached ***** piety under Hepliaklqana
 18033 | D:13     | Found a basalt altar of Yredelemnul.
 18186 | D:13     | Reached XP level 13. HP: 85/85 MP: 17/17
 18912 | D:12     | Learned a level 1 spell: Summon Butterflies
 19023 | Lair:1   | Entered Level 1 of the Lair of Beasts
 19640 | Lair:1   | Reached skill level 1 in Spellcasting
 19640 | Lair:1   | Reached skill level 1 in Summonings
 19640 | Lair:1   | Reached skill level 1 in Evocations
 19853 | Lair:1   | Identified a scroll of acquirement
 19854 | Lair:1   | Got an encrusted buckler
 19865 | Lair:1   | Identified the +3 buckler of Protective Custody {rN+++ MR-
                  | Int+2} (You acquired it on level 1 of the Lair of Beasts)
 20045 | Lair:2   | Reached skill level 12 in Fighting
 20194 | Lair:2   | Learned a level 3 spell: Regeneration
 20223 | Lair:2   | Found a staircase to the Shoals.
 21104 | Lair:3   | Found a frozen archway.
 21428 | IceCv    | Entered an ice cave
 21458 | IceCv    | Reached skill level 1 in Charms
 21500 | IceCv    | Reached skill level 1 in Necromancy
 21634 | IceCv    | Reached skill level 10 in Shields
 22502 | IceCv    | Reached XP level 14. HP: 93/93 MP: 19/19
 22739 | IceCv    | Noticed a frost giant
 22765 | IceCv    | Reached skill level 13 in Fighting
 22806 | IceCv    | Killed a frost giant
 23097 | IceCv    | Learned a level 1 spell: Animate Skeleton
 23100 | IceCv    | Learned a level 2 spell: Passwall
 24478 | Lair:3   | Found a hole to the Spider Nest.
 25280 | D:10     | Bought a +5 amulet of reflection for 535 gold pieces
 25803 | Lair:4   | Learned a level 4 spell: Animate Dead
 25853 | Lair:4   | Reached ****** piety under Hepliaklqana
 26722 | Lair:4   | Learned a level 3 spell: Vampiric Draining
 27247 | Lair:5   | Reached skill level 5 in Spellcasting
 27710 | Lair:6   | Entered Level 6 of the Lair of Beasts
 27806 | Lair:6   | Found a staircase to the Slime Pits.
 27807 | Lair:6   | Found a viscous altar of Jiyva.
 27878 | Lair:6   | Noticed Snorg
 27893 | Lair:6   | Killed Snorg
 27893 | Lair:6   | Reached skill level 5 in Necromancy
 28160 | Lair:6   | Reached XP level 15. HP: 100/100 MP: 24/24
 28744 | Lair:5   | Learned a level 4 spell: Summon Lightning Spire
 29019 | Lair:6   | Reached skill level 1 in Air Magic
 29873 | Lair:6   | Reached skill level 14 in Fighting
 30317 | Orc:1    | Entered Level 1 of the Orcish Mines
 30450 | Orc:1    | Found a roughly hewn altar of Beogh.
 30544 | Orc:1    | Found a roughly hewn altar of Beogh.
 30647 | Orc:1    | Noticed Maurice
 30653 | Orc:1    | Killed Maurice
 30831 | Orc:2    | Entered Level 2 of the Orcish Mines
 30876 | Orc:2    | Found a staircase to the Elven Halls.
 31120 | Orc:2    | Found a roughly hewn altar of Beogh.
 31130 | Orc:2    | Found a roughly hewn altar of Beogh.
 31145 | Orc:2    | Found Xaco's General Store.
 31250 | Orc:2    | Found a roughly hewn altar of Beogh.
 31433 | Orc:2    | Found a roughly hewn altar of Beogh.
 31474 | Orc:2    | Found Orphigyc's Magic Scroll Emporium.
 31637 | Orc:2    | Noticed Saint Roka
 32346 | Orc:2    | Found a roughly hewn altar of Beogh.
 32950 | Orc:2    | Learned a level 3 spell: Tukima's Dance
 33005 | Orc:2    | Killed Saint Roka
 33051 | Orc:2    | Found a roughly hewn altar of Beogh.
 33051 | Orc:2    | Found Ruischuwe's Antique Weapon Shoppe.
 33052 | Orc:2    | Found Irau's Antique Armour Emporium.
 33097 | Orc:2    | Found a roughly hewn altar of Beogh.
 33143 | Orc:2    | Bought a hat for 112 gold pieces
 33185 | Orc:2    | Bought a scroll of blinking for 105 gold pieces
 33185 | Orc:2    | Bought a scroll of fog for 28 gold pieces
 33185 | Orc:2    | Bought 2 scrolls of fear for 98 gold pieces
 33188 | Orc:2    | Learned a level 1 spell: Apportation
 33303 | D:10     | Bought an uncursed ring of poison resistance for 260 gold
                  | pieces
 33801 | D:13     | Found a runed gate.
 33801 | D:13     | Found a runed gate.
 33801 | D:13     | Found a runed gate.
 33802 | D:13     | Noticed gbos's ghost (journeyman GrEE)
 34526 | D:14     | Noticed Kirke
 34561 | D:14     | Killed Kirke
 34561 | D:14     | Reached skill level 1 in Translocations
 34898 | D:14     | Reached XP level 16. HP: 104/108 MP: 28/28
 35133 | D:14     | Reached skill level 5 in Summonings
 36060 | D:14     | Reached skill level 5 in Air Magic
 36246 | D:14     | Found a gate to the Vaults.
 36303 | D:15     | Entered Level 15 of the Dungeon
 36928 | D:15     | Found a staircase to the Depths.
 37639 | Depths:1 | Entered Level 1 of the Depths
 37706 | Depths:1 | Reached skill level 1 in Earth Magic
 37964 | Depths:1 | Found Heclua's Magic Scroll Boutique.
 37967 | Depths:1 | Bought a scroll of blinking for 120 gold pieces
 37967 | Depths:1 | Bought a scroll of teleportation for 48 gold pieces
 38058 | Depths:1 | Noticed a lich
 38082 | Depths:1 | Killed a lich
 38136 | Depths:1 | Learned a level 4 spell: Passage of Golubria
 38139 | Depths:1 | Learned a level 2 spell: Swiftness
 38353 | Depths:1 | Found Qopadoats's Serpentskin Sales.
 39177 | Depths:1 | Found a gateway to Hell.
 39241 | Depths:2 | Noticed a lich
 39305 | Depths:1 | Reached skill level 15 in Fighting
 39375 | Depths:1 | Killed a lich
 39506 | Depths:1 | Paralysed by a great orb of eyes for 2 turns
 39813 | Spider:1 | Entered Level 1 of the Spider Nest
 39864 | Spider:1 | Reached XP level 17. HP: 105/114 MP: 29/29
 41129 | Spider:2 | Reached skill level 5 in Dodging
 42502 | Spider:3 | Reached skill level 5 in Translocations
 42627 | Spider:3 | Noticed Arachne
 42930 | Spider:4 | Entered Level 4 of the Spider Nest
 45230 | Spider:4 | Reached XP level 18. HP: 110/121 MP: 30/30
 46005 | Spider:4 | Reached skill level 16 in Fighting
 46267 | Spider:4 | Got a gossamer rune of Zot
 46820 | Vaults:1 | Entered Level 1 of the Vaults
 47162 | Vaults:1 | Found a portal to a secret trove of treasure.
 47864 | Vaults:1 | Annihilated by an orc warlord

Skill      XL: |  1  2  3  4  5  6  7  8  9 10 11 12 13 14 15 16 17 18 |
---------------+-------------------------------------------------------+-----
Stealth        | 1 |  1.5
Polearms       | 3 4 5 6 9 10 12 13 14 | 14.9
Fighting       | 4 6 7 8 10 11 12 13 14 15 16 | 16.1
Shields        | 4 5 6 7 8 9 10 11 12 14 | 14.1
Invocations    | 2 5 6 |  6.0
Spellcasting   | 3 6 8 |  8.0
Summonings     | 3 4 6 8 9 |  9.2
Evocations     | 2 |  2.0
Charms         | 2 4 |  4.1
Necromancy     | 2 5 6 |  6.0
Air Magic      | 4 6 |  6.0
Translocations | 1 3 6 |  6.0
Earth Magic    | 2 |  2.0
Dodging        | 7 8 |  8.9
Transmutations | |  0.4

Action                   |  1- 3 |  4- 6 |  7- 9 | 10-12 | 13-15 | 16-18 || total
-------------------------+-------+-------+-------+-------+-------+-------++-------
Melee: Trident           |    76 |   134 |   221 |   692 |  1578 |  1170 ||  3871
       Tentacles         |    13 |    13 |    35 |   129 |   280 |   219 ||   689
       Constrict         |    14 |    24 |    31 |    53 |   112 |   143 ||   377
 Fire: Blowgun           |       |       |     4 |       |       |       ||     4
Throw: Stone             |       |     2 |     2 |     1 |       |       ||     5
       Tomahawk          |       |       |       |     6 |       |       ||     6
       Javelin           |       |       |       |       |     1 |     2 ||     3
 Cast: Regeneration      |       |       |       |       |    26 |   105 ||   131
       Animate Dead      |       |       |       |       |    39 |    88 ||   127
       Animate Skeleton  |       |       |       |       |     3 |       ||     3
       Summon Butterflie |       |       |       |       |     2 |     4 ||     6
       Vampiric Draining |       |       |       |       |     1 |     3 ||     4
       Summon Lightning  |       |       |       |       |    17 |   227 ||   244
       Summon Small Mamm |       |       |       |       |     2 |     4 ||     6
       Tukima's Dance    |       |       |       |       |     1 |       ||     1
       Passwall          |       |       |       |       |       |     4 ||     4
       Swiftness         |       |       |       |       |       |     1 ||     1
       Passage of Golubr |       |       |       |       |       |     1 ||     1
Invok: Recall Ancestor   |       |       |     4 |     2 |     6 |     1 ||    13
       Ancestor Life: He |       |       |     1 |       |       |       ||     1
       Idealise          |       |       |       |     1 |       |       ||     1
Evoke: Wand              |       |       |     1 |     8 |    42 |    21 ||    72
  Use: Potion            |       |       |     5 |     8 |     3 |     7 ||    23
       Scroll            |       |       |    10 |    12 |    19 |    11 ||    52
 Stab: Sleeping          |     8 |    12 |     8 |    22 |    30 |    11 ||    91
       Distracted        |     1 |     1 |     2 |    15 |    22 |    31 ||    72
       Confused          |       |       |     1 |     9 |    14 |     5 ||    29
       Paralysed         |       |       |       |       |    33 |    58 ||    91
  Eat: Chunk             |     1 |     8 |    12 |    16 |    42 |    25 ||   104
       Ration            |       |       |     1 |     4 |     7 |    19 ||    31
Armor: Skin              |     7 |     4 |     4 |    29 |    90 |   121 ||   255
Dodge: Dodged            |    22 |    47 |    45 |   116 |   223 |   249 ||   702
Block: Shield            |    20 |    37 |    47 |   138 |   415 |   288 ||   945
       Reflection        |       |       |       |       |    10 |    29 ||    39
       Buckler           |       |       |       |       |       |   154 ||   154
